AoeStats
← ahmadziad777

Arena

509076229Analyzed
4v4 RM · 6d ago on Sep 25, 2026· 47m 24s· 8 players
Game mode
Random Map
Map size
Large (8 player)
Population
200
Speed
Normal
Resources
Standard
Victory
Conquest
Starting age
Dark Age
Ending age
Imperial Age
RankedLock teamsTeams togetherTeam positionsShared explorationLock speedFull tech treeHidden civsTurbo modeCheats
Victory
Defeat
🇮🇳 Celts · India
958
+12
🇨🇳 Persians · China
802
+18
🇦🇺 Tatars · Australia
738
+21
🇨🇳 Britons · China
712
+22
🇹🇷 Khmer · Türkiye
868
-19
🇮🇶 Britons · Iraq
867
-19
🇧🇬 Bohemians · Bulgaria
850
-18
🇮🇳 Spanish · India
809
-17
shinychrome
7:27 Loom
10:42 Feudal Age
15:23 Castle Age
13:49 Double-Bit Axe
17:22 Horse Collar
24:00 Wheelbarrow
31:02 Imperial Age
28:48 Hand Cart
29:16 Husbandry
31:05 Forging
31:01 Scale Barding Armor
30:47 Fletching
31:04 Heavy Plow
31:17 Bow Saw
32:09 Conscription
31:39 Pikeman
32:35 Bloodlines
33:12 Thumb Ring
33:54 Elite Skirmisher
36:44 Light Cavalry
38:27 Padded Archer Armor
38:22 Bodkin Arrow
39:03 Iron Casting
38:48 Chain Barding Armor
39:33 Chemistry
38:54 Ballistics
38:44 Masonry
38:30 Murder Holes
40:25 Hussar
42:05 Halberdier
42:45 Squires
42:31 Arson
Galileo Galilei
11:06 Feudal Age
11:45 Horse Collar
16:35 Castle Age
14:39 Double-Bit Axe
15:14 Stone Mining
17:32 Bow Saw
17:29 Heavy Plow
20:47 Gold Mining
28:28 Wheelbarrow
28:27 Pikeman
30:24 Hand Cart
30:36 Town Watch
37:30 Tusk Swords
38:19 Gold Shaft Mining
Soulslayer
9:25 Feudal Age
9:51 Double-Bit Axe
9:52 Horse Collar
17:41 Castle Age
18:10 Pikeman
18:52 Squires
19:17 Fletching
21:43 Caravan
22:45 Wheelbarrow
23:35 Heavy Plow
25:33 Hand Cart
25:08 Town Watch
27:13 Chemistry
30:50 Imperial Age
28:21 Man-at-Arms
29:17 Forging
30:40 Town Patrol
31:05 Ballistics
31:06 Bow Saw
31:09 Long Swordsman
32:36 Bombard Tower
32:13 Two-Handed Swordsman
36:00 Onager
36:07 Two-Handed Swordsman
38:21 Masonry
38:07 Murder Holes
ahmadziad777
0:28 Loom
11:50 Feudal Age
12:46 Horse Collar
12:54 Double-Bit Axe
14:10 Gold Mining
16:23 Stone Mining
17:57 Wheelbarrow
23:00 Castle Age
21:19 Fletching
21:30 Padded Archer Armor
22:46 Forging
22:36 Scale Mail Armor
24:28 Pikeman
29:58 Bodkin Arrow
30:19 Leather Archer Armor
35:09 Imperial Age
33:48 Crossbowman
dushyanthkuthati
0:47 Loom
12:29 Feudal Age
13:47 Wheelbarrow
12:54 Horse Collar
13:01 Double-Bit Axe
13:07 Gold Mining
19:47 Castle Age
20:48 Hand Cart
20:47 Bow Saw
21:17 Gold Shaft Mining
38:40 Imperial Age
37:25 Town Watch
39:21 Heavy Scorpion
40:19 Furor Celtica
42:12 Chemistry
41:12 Capped Ram
42:52 Ballistics
42:37 Siege Ram
46:44 Siege Engineers
QJppzgya
0:29 Loom
11:16 Feudal Age
12:34 Double-Bit Axe
15:34 Castle Age
23:49 Wheelbarrow
25:35 Hand Cart
25:53 Gold Mining
26:38 Bow Saw
31:29 Imperial Age
28:53 Town Watch
29:36 Padded Archer Armor
29:26 Fletching
29:43 Stone Mining
30:29 Gold Shaft Mining
34:05 Leather Archer Armor
33:45 Bodkin Arrow
33:58 Elite Longbowman
34:59 Yeomen
34:40 Warwolf
35:33 Ring Archer Armor
35:47 Bracer
36:40 Conscription
38:00 Chemistry
37:20 Ballistics
36:46 Arrowslits
37:34 Scale Mail Armor
37:45 Forging
37:37 Pikeman
38:17 Squires
38:03 Arson
38:30 Halberdier
39:29 Chain Mail Armor
39:49 Iron Casting
顺风打工人
8:00 Loom
11:36 Feudal Age
16:10 Castle Age
14:22 Double-Bit Axe
14:27 Horse Collar
15:02 Gold Mining
15:23 Stone Mining
22:48 Fervor
25:13 Bow Saw
25:50 Heavy Plow
28:12 Wheelbarrow
28:43 Gold Shaft Mining
28:43 Stone Shaft Mining
30:26 Hand Cart
33:28 Imperial Age
30:44 Town Watch
31:42 Forging
31:37 Scale Barding Armor
33:14 Chain Barding Armor
33:30 Iron Casting
33:35 Bloodlines
33:25 Husbandry
33:20 Fletching
33:15 Elite War Elephant
34:54 Plate Barding Armor
35:30 Blast Furnace
35:36 Blast Furnace
35:31 Masonry
35:41 Ballistics
36:05 Conscription
36:54 Two-Man Saw
36:28 Crop Rotation
37:15 Devotion
38:37 Herbal Medicine
39:55 Faith
Old Mate
12:31 Feudal Age
18:02 Castle Age
17:35 Wheelbarrow
17:17 Double-Bit Axe
29:14 Fletching
29:25 Padded Archer Armor
30:01 Ballistics
30:54 Hand Cart
33:34 Gold Mining
37:01 Husbandry
37:12 Bloodlines
37:56 Gold Shaft Mining
38:30 Silk Armor
41:07 Horse Collar
45:54 Imperial Age
45:03 Light Cavalry
45:52 Heavy Plow
Connection lost

Rejoining the realm…

Still unreachable

The connection could not be restored.

Session expired

The server has moved on; the page needs a fresh start.